 Dungeon Crawl Stone Soup version 0.26-a0-844-g3dd439832f (webtiles) character file.

Game seed: 12020166084856478695

9093 jestyr24 the Protected (level 11, -1/99 HPs)
             Began as a Minotaur Berserker on Nov 18, 2020.
             Was a High Priest of Trog.
             Slain by a brown ugly thing (2 damage)
             ... on level 10 of the Dungeon.
             The game lasted 01:00:54 (10681 turns).

jestyr24 the Protected (Minotaur Berserker)        Turns: 10681, Time: 01:00:56

Health: -1/99      AC: 28    Str: 24    XL:     11   Next: 18%
Magic:  10/10      EV:  8    Int:  4    God:    Trog [*****.]
Gold:   690        SH: 13    Dex: 11    Spells: 10/10 levels left

rFire    + . .     SeeInvis .   y - +4 flail (protect)
rCold    . . .     Faith    .   x - +0 kite shield
rNeg     . . .     Spirit   .   c - +0 plate armour
rPois    .         Reflect  .   (helmet restricted)
rElec    .         Harm     .   H - +1 cloak
rCorr    +         Rampage  .   E - +0 pair of gloves
MR       .....                  k - +0 pair of boots
Stlth    ..........             (no amulet)
HPRegen  0.26/turn              j - ring of protection from fire
MPRegen  0.12/turn              O - ring of resist corrosion

@: protection aura, berserk cooldown, flying
A: retaliatory headbutt, horns 2
a: Berserk, Trog's Hand, Brothers in Arms, Renounce Religion


You were on level 10 of the Dungeon.
You worshipped Trog.
Trog was extremely pleased with you.
You visited 1 branch of the dungeon, and saw 10 of its levels.

You collected 690 gold pieces.

Inventory:

Hand Weapons
 y - a +4 flail of protection (weapon)
 F - a cursed +0 great sword
 P - a +0 scimitar
Missiles
 e - 358 stones
 g - 2 throwing nets
 n - 17 boomerangs (quivered)
 A - 46 poisoned darts
 B - 124 arrows
Armour
 c - a +0 plate armour (worn)
 k - a +0 pair of boots (worn)
 w - the +1 ring mail "Siveum" {rPois rN+ Stlth-}
   (You found it on level 7 of the Dungeon)

   It protects you from poison.
   It protects you from negative energy.
   It makes you less stealthy.
 x - a +0 kite shield (worn)
 E - a +0 pair of gloves (worn)
 H - a +1 cloak (worn)
Jewellery
 j - a ring of protection from fire (left hand)
 s - an uncursed ring of protection from fire
 O - a ring of resist corrosion (right hand)
Wands
 t - a wand of digging (10)
 z - a wand of paralysis (23)
 G - a wand of random effects (9)
 M - a wand of enslavement (6)
Scrolls
 a - a scroll of fear {unknown}
 b - 5 scrolls of remove curse
 d - 3 scrolls of immolation {unknown}
 h - 2 scrolls of enchant armour {unknown}
 m - a scroll of magic mapping {unknown}
 p - 6 scrolls of identify
 r - a scroll of teleportation
 u - a scroll of enchant weapon {unknown}
 D - a scroll of noise {unknown}
 I - a scroll of blinking
 J - a scroll of amnesia {unknown}
Potions
 f - 5 potions of curing
 l - 2 potions of degeneration {unknown}
 o - 2 potions of flight
 q - 2 potions of ambrosia {unknown}
 v - 2 potions of brilliance {unknown}
 K - a potion of attraction {unknown}
 L - a potion of haste {unknown}
 N - a potion of lignification {unknown}
Miscellaneous
 i - a box of beasts


   Skills:
 * Level 9.8 Fighting
 - Level 7.2 Long Blades
 - Level 2.1 Maces & Flails
 - Level 0.5 Throwing
 * Level 12.5 Armour
 - Level 2.9 Dodging
 * Level 11.7 Shields


You had 10 spell levels left.
You didn't know any spells.
Your spell library contained the following spells:

 Spells                   Type           Power        Failure   Level
 Animate Skeleton         Necr           #.....       100%        1
 Apportation              Tloc           #.....       100%        1
 Corona                   Hex            #......      100%        1
 Pain                     Necr           #...         100%        1
 Summon Small Mammal      Summ           #...         100%        1
 Vampiric Draining        Necr           #.........   100%        3
 Animate Dead             Necr           #.........   100%        4
 Agony                    Necr           #.......     100%        5


Dungeon Overview and Level Annotations

Branches:
Dungeon (10/15)            Temple (0/1) D:6            Lair (0/6) D:10
    Orc (0/2) D:10

Altars:
Uskayaw
Vehumet
Beogh

Shops:
D:10 =

Annotations:
D:10 exclusion: oklob plant, Joseph


Innate Abilities, Weirdness & Mutations

You reflexively headbutt those who attack you in melee.
You have a pair of horns on your head.


Message History

You closely miss the brown ugly thing.
The brown ugly thing is severely wounded.
You block the brown ugly thing's attack.
You block the shadow imp's attack.
The gnoll sergeant hits you but does no damage.
The white ugly thing headbutts you but does no damage.
The brown ugly thing closely misses you.
You furiously retaliate!
You headbutt the brown ugly thing.
Unknown command.
Unknown command.
Unknown command.
Unknown command.
Unknown command.
You sock the brown ugly thing! You headbutt the brown ugly thing.
The brown ugly thing is almost dead.
The shadow imp gestures at you.
You struggle to resist.
You block the gnoll sergeant's attack.
The white ugly thing basks in the mutagenic energy from its kin and changes!
The brown ugly thing claws you.
You die...

..# #.###....# ..#
#.#......#
..######.#......#####
.........#..........#
....... .#..........#
######.. #.........(#
. #......Kg.##
#.....uu5.#
#......@(##
######...#........#
...u.....#........#
..#u######........#
..#... ........##
###..... ........#
...........####
........... .......


You could see 2 ugly things, a big kobold, a gnoll sergeant and a shadow imp.

Vanquished Creatures
  Harold (D:8)
  A two-headed ogre (D:10)
  An unseen horror (D:10)
  A cyclops (D:10)
  Maurice (D:8)
  The ghost of LufLufFighter the Chiller, a novice DEIE of Vehumet (D:6)
  A troll (D:10)
  Grum (D:8)
  Edmund (D:5)
  A water moccasin (D:8)
  An acid dragon (D:10)
  A black bear (D:9)
  7 orc warriors
  2 sky beasts
  4 ice beasts
  A phantom (D:9)
  7 ogres
  3 wolves (D:8)
  A necrophage (D:9)
  4 centaurs
  2 big kobolds
  2 gnoll sergeants (D:10)
  4 bullfrogs
  4 scorpions
  8 killer bees
  7 wights
  5 howler monkeys
  3 bullfrog zombies
  4 jellies
  4 hounds
  A centaur skeleton (D:4)
  5 orc priests
  2 iguanas
  2 bullfrog skeletons
  Natasha (thrice) (D:3)
  3 orc wizards
  6 worker ants
  Terence (D:2)
  A killer bee zombie (D:8)
  3 hound zombies
  4 gnolls
  2 howler monkey skeletons
  6 adders
  3 shadow imps
  A white imp (D:6)
  3 ufetubi
  2 oozes
  2 adder zombies
  An adder skeleton (D:4)
  5 worms
  2 dart slugs
  5 leopard geckos
  51 orcs
  6 giant cockroaches
  5 goblins
  3 hobgoblins
  19 jackals
  2 quokkas
  3 ball pythons
  8 bats
  11 frilled lizards
  A jackal skeleton (D:9)
  15 kobolds
  A quokka skeleton (D:5)
  A quokka zombie (D:5)
  4 rats
277 creatures vanquished.

Vanquished Creatures (others)
  An orc wizard (D:6)
  10 plants (D:10)
  5 toadstools (D:1)
16 creatures vanquished.

Grand Total: 293 creatures vanquished

Notes
Turn   | Place    | Note
-------+----------+-------------------------------------------
     0 | D:1      | jestyr24 the Minotaur Berserker began the quest for the
                  | Orb.
     0 | D:1      | Reached XP level 1. HP: 19/19 MP: 0/0
   280 | D:1      | Reached XP level 2. HP: 17/27 MP: 1/1
   923 | D:1      | Reached ** piety under Trog
   924 | D:1      | Reached XP level 3. HP: 31/33 MP: 2/2
  1179 | D:2      | Noticed Terence
  1189 | D:2      | Killed Terence
  1190 | D:2      | Reached skill level 3 in Armour
  1307 | D:2      | Reached XP level 4. HP: 39/41 MP: 3/3
  1855 | D:3      | Found a hide-covered altar of Uskayaw.
  1856 | D:3      | Found a radiant altar of Vehumet.
  1898 | D:3      | Reached XP level 5. HP: 23/47 MP: 4/4
  2065 | D:3      | Reached *** piety under Trog
  2072 | D:3      | Reached skill level 5 in Long Blades
  2072 | D:3      | Reached skill level 4 in Armour
  2215 | D:3      | Noticed Natasha
  2241 | D:3      | Killed Natasha
  2547 | D:3      | Noticed Natasha
  2552 | D:3      | Killed Natasha
  2628 | D:3      | Noticed Natasha
  2632 | D:3      | Killed Natasha
  3003 | D:4      | Reached XP level 6. HP: 55/55 MP: 5/5
  3008 | D:4      | Reached skill level 5 in Fighting
  3027 | D:4      | Reached skill level 5 in Armour
  3119 | D:4      | Reached XP level 7. HP: 26/61 MP: 6/6
  3205 | D:4      | Reached skill level 6 in Armour
  3959 | D:5      | Entered Level 5 of the Dungeon
  4307 | D:5      | Noticed Edmund
  4313 | D:5      | Reached **** piety under Trog
  4338 | D:5      | Killed Edmund
  4696 | D:5      | Reached XP level 8. HP: 71/71 MP: 7/7
  4817 | D:6      | Reached skill level 1 in Maces & Flails
  5026 | D:6      | Reached skill level 7 in Armour
  5041 | D:6      | Found a staircase to the Ecumenical Temple.
  5303 | D:6      | Found a runed translucent door.
  5303 | D:6      | Noticed LufLufFighter's ghost (novice DEIE)
  5318 | D:6      | Killed LufLufFighter's ghost
  5319 | D:6      | Reached skill level 5 in Shields
  5803 | D:7      | Reached skill level 8 in Armour
  5843 | D:7      | Reached XP level 9. HP: 81/81 MP: 8/8
  6213 | D:7      | Reached skill level 9 in Armour
  6408 | D:7      | Got a shimmering ring mail
  6409 | D:7      | Identified the +1 ring mail "Siveum" {rPois rN+ Stlth-}
                  | (You found it on level 7 of the Dungeon)
  6441 | D:7      | You fall into a shaft and drop 3 floors!
  6441 | D:10     | Entered Level 10 of the Dungeon
  6493 | D:10     | Found Siveahero's Jewellery Emporium.
  6911 | D:8      | Noticed Maurice
  6923 | D:8      | Killed Maurice
  6924 | D:8      | Reached skill level 10 in Armour
  6973 | D:8      | Reached ***** piety under Trog
  7134 | D:8      | Noticed Harold
  7157 | D:8      | Killed Harold
  7158 | D:8      | Reached XP level 10. HP: 91/91 MP: 9/9
  7520 | D:8      | Noticed Grum
  7533 | D:8      | Reached skill level 11 in Armour
  7540 | D:8      | Killed Grum
  7673 | D:8      | Found a roughly hewn altar of Beogh.
  8044 | D:7      | Reached skill level 10 in Shields
  9310 | D:10     | Killed an unseen horror
  9528 | D:10     | Found a staircase to the Lair.
  9528 | D:10     | Noticed an oklob plant
  9800 | D:10     | Noticed a white ugly thing
  9800 | D:10     | Noticed a red ugly thing
  9813 | D:10     | Noticed a boulder beetle
 10137 | D:9      | Reached skill level 12 in Armour
 10250 | D:10     | Noticed a two-headed ogre
 10263 | D:10     | Killed a two-headed ogre
 10264 | D:10     | Reached XP level 11. HP: 76/97 MP: 10/10
 10437 | D:10     | Found a staircase to the Orcish Mines.
 10623 | D:10     | Noticed a boulder beetle
 10654 | D:10     | Noticed Joseph
 10661 | D:10     | Noticed a six-headed hydra
 10679 | D:10     | HP: 1/99 [white ugly thing (20)]
 10681 | D:10     | Slain by a brown ugly thing

Illustrated notes

Levels and vault maps discovered:
D:1:      ldierk_walled_garden, layout_loops_ring, minmay_shallow_snake_nest
D:2:      layout_rooms, uniq_terence
D:3:      layout_basic, nicolae_overflow_hidden_temple, uniq_natasha
D:4:      layout_basic
D:5:      layout_gridville, uniq_edmund
D:6:      layout_basic, temple_pool_b, gammafunk_ghost_grave, minmay_liquid_box
D:7:      layout_loops_ring
D:8:      layout_basic, special_room [special_room_orc], uniq_maurice,
          uniq_harold, uniq_grum
D:9:      layout_gridville
D:10:     layout_irregular_city, dpeg_oklobed_lair,
          kennysheep_orc_monster_closet_entryway, serial_shops,
          nicolae_shop_window_shopping, grunt_tough_drop, uniq_joseph

Skill      XL: |  1  2  3  4  5  6  7  8  9 10 |
---------------+-------------------------------+-----
Fighting       | 4 5 6 8 9 |  9.8
Long Blades    | 4 5 6 7 |  7.2
Armour         | 3 4 5 6 8 10 12 | 12.5
Shields        | 2 5 9 11 | 11.7
Maces & Flails | 2 |  2.1
Throwing       | |  0.5
Dodging        | |  2.9

Action                   |  1- 3 |  4- 6 |  7- 9 | 10-12 || total
-------------------------+-------+-------+-------+-------++-------
Melee: Falchion          |    73 |   146 |    95 |       ||   314
       Headbutt          |    13 |    30 |   100 |    75 ||   218
       Flail             |       |       |   169 |   323 ||   492
       Long sword        |       |       |   128 |       ||   128
Throw: Boomerang         |     1 |     4 |    18 |    17 ||    40
Invok: Berserk           |       |     1 |     5 |     4 ||    10
  Use: Scroll            |       |       |     7 |     2 ||     9
       Potion            |       |       |       |     2 ||     2
Armor: Animal skin       |     3 |       |       |       ||     3
       Plate armour      |    30 |   104 |   221 |   260 ||   615
Dodge: Dodged            |    33 |    66 |    98 |   126 ||   323
Block: Kite shield       |       |       |   198 |   268 ||   466
       Rpst.: Falchion   |    12 |    16 |     8 |       ||    36
       Long sword        |       |       |    11 |       ||    11

Table legend: (Time is in decaauts)
 A = Elapsed time spent in this place.
 B = Non-inter-level travel time spent in this place.
 C = Inter-level travel time spent in this place.
 D = Time resting spent in this place.
 E = Time spent auto-exploring this place.
 F = Levels seen in this place.
 G = Mean time per level.
                   A        B        C        D        E       F      G
               +--------+--------+--------+--------+--------+-----+--------+
         Total |  10955 |  10650 |    305 |   2336 |   4855 |  10 | 1095.5 |
       Dungeon |  10955 |  10650 |    305 |   2336 |   4855 |  10 | 1095.5 |
               +--------+--------+--------+--------+--------+-----+--------+

Top non-repeatable levels by time:
     D:3: 1359 daAuts
    D:10: 1353 daAuts
     D:8: 1295 daAuts
     D:9: 1288 daAuts
     D:7: 1155 daAuts
     D:6: 1017 daAuts
     D:1: 1007 daAuts
     D:4: 975 daAuts
     D:5: 856 daAuts
     D:2: 645 daAuts
